 Dungeon Crawl Stone Soup version 0.17-a0-1123-g6d3914c (webtiles) character file.

68760 Seriy500 the Peltast (level 15, -5/139 HPs)
             Began as a Formicid Fighter on May 24, 2015.
             Was the Champion of the Shining One.
             Killed from afar by a deep elf knight (24 damage)
             ... with a shard of ice
             ... on level 1 of the Elven Halls.
             The game lasted 01:33:39 (25590 turns).

Seriy500 the Peltast (Formicid Fighter)            Turns: 25590, Time: 01:33:39

Health: -5/139     AC: 27    Str: 27    XL:     15   Next: 71%
Magic:  15/15      EV:  8    Int:  8    God:    the Shining One [******]
Gold:   53         SH: 14    Dex: 10    Spells: 0 memorised, 14 levels left

rFire  . . .     SeeInvis +     h - +6 great sword (slice)
rCold  + + .     Clarity  .     s - +5 plate armour {MR+}
rNeg   + + +     SustAt   .     c - +0 shield
rPois  +         Gourm    .     (helmet unavailable)
rElec  .         Spirit   .     q - +1 cloak {MR+}
rCorr  .         Warding  .     (no gloves)
rMut   .         Stasis   +     D - +0 pair of boots
MR     ++++.                    b - amulet of regeneration
Stlth  ..........               I - ring "Ydghaleda" {rPois rC+ MR+}
                                k - ring of positive energy

@: glowing, incredibly resistant to hostile enchantments, extremely unstealthy
A: permanent stasis, dig shafts and tunnels, four strong arms, antennae 3, slimy
green scales 1, blurry vision 2, breathe flames 1, cold resistance 1, robust 1,
no device heal 1
a: Dig, Shaft Self, Divine Shield, Cleansing Flame, Summon Divine Warrior,
Renounce Religion, Breathe Fire


You were on level 1 of the Elven Halls.
You worshipped the Shining One.
The Shining One was exalted by your worship.
You were not hungry.

You visited 5 branches of the dungeon, and saw 22 of its levels.
You also visited: Ossuary.

You collected 2524 gold pieces.
You spent 2471 gold pieces at shops.

Inventory:

Hand weapons
 h - a +6 great sword of slicing (weapon)
 G - the cursed +13 Scythe of Curses {drain, *Curse}
   (You found it on level 12 of the Dungeon)

   A truly terrible weapon, it drains the life of those it strikes.
   It may re-curse itself when equipped.
   It has a curse placed upon it.
   The Shining One disapproves of the use of such an item.
Armour
 c - a +0 shield (worn)
 q - a +1 cloak of magic resistance (worn)
 s - a +5 plate armour of magic resistance (worn)
 D - a +0 pair of boots (worn)
Jewellery
 b - an amulet of regeneration (around neck)
 k - a ring of positive energy (left hand)
 x - an uncursed ring of protection from fire
 E - an uncursed ring of sustain attributes
 I - the ring "Ydghaleda" (right hand) {rPois rC+ MR+}
   (You bought it in a shop on level 2 of the Elven Halls)

   [ring of protection from magic]

   It protects you from cold.
   It protects you from poison.
   It affects your resistance to hostile enchantments.
Magical devices
 p - a wand of cold (9)
 t - a wand of flame (22)
 F - a wand of paralysis (1)
 Q - a wand of lightning (0)
 W - a wand of confusion (18)
 X - a wand of polymorph (7)
Scrolls
 a - 2 scrolls of summoning {unknown}
 i - 10 scrolls of remove curse
 o - a scroll of fog {unknown}
 r - 5 scrolls of magic mapping
 v - a scroll of recharging
 K - 3 scrolls of identify
 R - a scroll of random uselessness
 T - a scroll of immolation
Potions
 d - 2 potions of might
 f - 2 potions of agility
 g - 3 potions of lignification
 j - 3 potions of flight
 l - a potion of ambrosia
 m - 3 potions of mutation {unknown}
 u - a potion of beneficial mutation {unknown}
 C - a potion of heal wounds {unknown}
 L - 3 potions of brilliance
 M - 3 potions of resistance
 N - a potion of cure mutation
 P - a potion of haste
 S - 2 potions of curing
Comestibles
 e - 4 bread rations
 n - 3 beef jerkies
 w - 8 meat rations


   Skills:
 + Level 14.6 Fighting
 + Level 13.3 Long Blades
 + Level 14.6 Armour
 + Level 15.4 Shields


You had 14 spell levels left.
You didn't know any spells.

Dungeon Overview and Level Annotations

Branches:
Dungeon (14/15)            Temple (1/1) D:5            Lair (1/8) D:9
    Orc (4/4) D:12            Elf (2/3) Orc:3
 Vaults: D:13-14

Altars:
Ashenzari
Cheibriados
Dithmenos
Fedhas
Gozag
Kikubaaqudgha
Makhleb
Nemelex Xobeh
Okawaru
Qazlal
Sif Muna
Trog
Vehumet
Yredelemnul
Zin
The Shining One
Beogh
Jiyva

Shops:
D:8 }   D:11 (   Orc:4 (%!(   Elf:1 [   Elf:2 [[[=

Annotations:
D:14 Fannar, Snorg


Innate Abilities, Weirdness & Mutations

You are under a permanent stasis effect.
You can dig through walls and to a lower floor.
Your four strong arms can wield two-handed weapons with a shield.
You have a pair of large antennae on your head (SInv).
You are partially covered in slimy green scales (AC +2).
Scrolls take you longer to read.
You can breathe flames.
Your flesh is cold resistant.
You are robust (+10% HP).
Potions and wands are less effective at restoring your health.


Message History

You feel sick.
The deep elf knight gestures at you while chanting.
The shard of ice hits you! You partially resist.
* * * LOW HITPOINT WARNING * * *
You barely miss the deep elf knight.
The deep elf knight is moderately wounded.
The deep elf knight gestures at you while chanting.
You block the shard of ice.
The deep elf knight gestures at you while chanting.
The shard of ice hits you! You partially resist.
* * * LOW HITPOINT WARNING * * *
You feel better. You block the deep elf knight's attack.
You slice the deep elf knight!!
The deep elf knight is almost dead.
The deep elf knight completely misses you.
You closely miss the deep elf knight.
The deep elf knight is almost dead.
The deep elf knight casts a spell at you.
The shard of ice hits you! You partially resist.
You die...

##### ##...## # #####
##.....## ## #...#
##.......## .#
#...#######.........#
.#
#...'....@e.........#
.##
###'#######..>......#
#'## #.# ##.).....##
##.## #.# ##.....##
##.## #.# ##'#...##
##.## #.# ##.###'##
##(## #.# ##.## #.#
##.###'#####.## #.#
##.##...##.## ##'####


You could see a deep elf knight (invisible).

Vanquished Creatures
  Rupert (Orc:3)
  A deep elf sorcerer (Elf:1)
  The ghost of igornogaf the Tortoise, a powerful MiBe of Trog (Orc:3)
  2 deep elf annihilators
  Erolcha (D:9)
  A deep elf death mage (Elf:1)
  The ghost of Seriy500 the Fighter, a powerful DsFi of Okawaru (D:10)
  Erica (D:9)
  2 centaur warriors (D:13)
  6 dancing weapons
  3 orc high priests (Orc:4)
  Nergalle (D:11)
  5 deep elf knights
  9 skeletal warriors
  A deep troll (shapeshifter) (Elf:1)
  8 deep elf summoners
  2 unseen horrors
  4 orc knights
  4 orc sorcerers
  4 hill giants
  14 deep elf conjurers
  5 ugly things
  A centaur zombie (D:12)
  A smoke demon (Orc:4)
  Maurice (D:10)
  Joseph (D:9)
  3 gargoyles
  A spiny frog (shapeshifter) (Elf:2)
  A spiny frog (Lair:1)
  3 demonic crawlers
  An efreet (D:13)
  A yaktaur (shapeshifter) (D:13)
  2 komodo dragons
  A jumping spider (Elf:1)
  7 deep elf priests
  3 trolls
  A slime creature (D:13)
  2 two-headed ogres
  2 trapdoor spiders
  A shadow (D:12)
  A wraith (D:11)
  Sigmund (D:3)
  A tarantella (Elf:1)
  14 deep elf magi
  9 yaks
  5 redbacks (Elf:1)
  2 wyverns
  2 steam dragons
  16 deep elf fighters
  2 basilisks
  A basilisk (shapeshifter) (D:12)
  A hippogriff (D:8)
  2 hungry ghosts (D:12)
  7 vampire mosquitoes
  A water moccasin (D:10)
  16 orc warriors
  3 porcupines
  3 eyes of draining (D:6)
  9 ice beasts
  6 sky beasts
  8 centaurs
  A black bear (shapeshifter) (Elf:1)
  A black bear (D:6)
  11 ogres
  2 wasps
  A necrophage (D:8)
  4 phantoms
  An eye of draining (shapeshifter) (Elf:2)
  A big kobold (D:11)
  7 giant frogs
  An ogre (shapeshifter) (Elf:1)
  9 crocodiles
  A water moccasin zombie (D:5)
  6 scorpions
  8 killer bees
  14 wights
  8 hounds
  7 crimson imps
  2 giant frog zombies
  4 jellies
  Ijyb (D:2)
  24 orc wizards
  3 centaur skeletons
  5 giant frog skeletons
  2 quasits
  5 hell rats
  Natasha (twice) (D:3)
  31 orc priests
  8 worker ants
  2 giant frog simulacra (D:12)
  4 iguanas
  A killer bee zombie (D:11)
  9 sheep
  3 hound skeletons
  A hound zombie (D:6)
  6 gnolls (D:6)
  3 worker ant zombies
  13 river rats
  15 adders
  3 shadow imps
  A white imp (D:12)
  2 ufetubi
  3 oozes (D:4)
  4 worms
  8 giant geckos
  188 orcs
  2 bat skeletons
  6 giant cockroaches
  28 hobgoblins
  A ball python (D:1)
  A ball python skeleton (Ossuary)
  27 bats
  A giant gecko skeleton (D:6)
  3 giant newts
  26 goblins
  A hobgoblin skeleton (Ossuary)
  3 hobgoblin zombies (Ossuary)
  5 jackals
  22 kobolds
  An orc skeleton (Ossuary)
  An orc zombie (Ossuary)
  7 quokkas
  23 rats
  A fungus (D:9)
  2 plants (D:9)
817 creatures vanquished.

Vanquished Creatures (others)
  An orc warrior (D:9)
  An orc (D:9)
  A bat (D:9)
  4 fungi (D:9)
7 creatures vanquished.

Grand Total: 824 creatures vanquished

Notes
Turn   | Place    | Note
--------------------------------------------------------------
     0 | D:1      | Seriy500 the Formicid Fighter began the quest for the Orb.
     0 | D:1      | Reached XP level 1. HP: 18/18 MP: 1/1
   131 | D:1      | Reached XP level 2. HP: 12/24 MP: 2/2
   656 | D:1      | Reached XP level 3. HP: 26/29 MP: 3/3
  1014 | D:2      | Found a blossoming altar of Fedhas.
  1028 | D:2      | Noticed Ijyb
  1049 | D:2      | Killed Ijyb
  1049 | D:2      | Reached skill level 4 in Shields
  1049 | D:2      | Reached XP level 4. HP: 23/37 MP: 4/4
  1205 | D:2      | Found a glowing golden altar of the Shining One.
  1376 | D:2      | Became a worshipper of the Shining One
  2235 | D:3      | Reached XP level 5. HP: 38/42 MP: 5/5
  2466 | D:3      | Noticed a phantom
  2504 | D:3      | Killed a phantom
  2667 | D:3      | Noticed Sigmund
  2688 | D:3      | Killed Sigmund
  2688 | D:3      | Reached skill level 5 in Shields
  2688 | D:3      | Reached XP level 6. HP: 34/50 MP: 6/6
  2790 | D:3      | Noticed Natasha
  2837 | D:3      | Killed Natasha
  2837 | D:3      | Reached skill level 5 in Armour
  2837 | D:3      | Reached XP level 7. HP: 55/55 MP: 7/7
  2943 | D:3      | Reached skill level 5 in Fighting
  3069 | D:3      | Noticed Natasha
  3089 | D:3      | Killed Natasha
  3579 | D:4      | Found a viscous altar of Jiyva.
  3834 | D:4      | Acquired the Shining One's first power
  4237 | D:4      | Reached XP level 8. HP: 61/63 MP: 8/8
  4263 | D:5      | Entered Level 5 of the Dungeon
  4290 | D:5      | Reached skill level 6 in Shields
  4351 | D:5      | Found a sparkling altar of Nemelex Xobeh.
  4588 | D:5      | Found a staircase to the Ecumenical Temple.
  4629 | Temple   | Entered the Ecumenical Temple
  5176 | D:5      | Reached skill level 5 in Long Blades
  5290 | D:5      | Acquired the Shining One's second power
  5633 | D:6      | Found a sand-covered staircase.
  5657 | Ossuary  | Entered an ossuary
  6073 | Ossuary  | Noticed a flying skull
  6116 | Ossuary  | Noticed a flying skull
  6352 | D:6      | Reached skill level 7 in Shields
  6382 | D:6      | Reached XP level 9. HP: 71/71 MP: 9/9
  6761 | D:6      | Got a steaming glass ring
  6829 | D:6      | Identified the ring of Pesieth {rN++ MR- MP+9 Int+5} (You found it on level 6 of the Dungeon)
  6901 | D:6      | Found a bloodstained altar of Trog.
  7198 | D:6      | Found a radiant altar of Vehumet.
  7210 | D:6      | Reached skill level 8 in Shields
  7733 | D:7      | Found a sparkling altar of Nemelex Xobeh.
  7787 | D:7      | Found an opulent altar of Gozag.
  7850 | D:7      | Found a snail-covered altar of Cheibriados.
  7855 | D:7      | Reached XP level 10. HP: 80/80 MP: 10/10
  8093 | D:7      | Acquired the Shining One's third power
  8471 | D:7      | Reached skill level 9 in Shields
  8798 | D:8      | Found a staircase to the Lair.
  8975 | D:8      | Found Upnayden's Gadget Shoppe.
  9006 | D:8      | Bought a wand of confusion (26) for 273 gold pieces
  9203 | D:8      | Noticed an unseen horror
  9209 | D:8      | Killed an unseen horror
  9848 | D:9      | Reached XP level 11. HP: 82/89 MP: 11/11
  9883 | D:9      | Reached skill level 10 in Shields
  9916 | D:9      | Noticed Erolcha
  9932 | D:9      | Killed Erolcha
  9937 | D:9      | Noticed Joseph
  9969 | D:9      | Killed Joseph
  9991 | D:9      | Noticed Erica
 10027 | D:9      | Killed Erica
 10777 | D:9      | Reached skill level 10 in Fighting
 10777 | D:9      | Reached skill level 10 in Armour
 10797 | D:9      | Found a staircase to the Lair.
 11081 | D:10     | Entered Level 10 of the Dungeon
 11086 | D:10     | Acquired the Shining One's fourth power
 11187 | D:10     | Noticed a hill giant
 11197 | D:10     | Killed a hill giant
 11348 | D:10     | Noticed Seriy500's ghost (powerful DsFi)
 11388 | D:10     | Killed Seriy500's ghost
 11388 | D:10     | Reached skill level 11 in Shields
 11838 | D:10     | Noticed Maurice
 11848 | D:10     | Killed Maurice
 12263 | D:11     | Noticed a green ugly thing
 12277 | D:11     | Killed a green ugly thing
 12277 | D:11     | Reached XP level 12. HP: 69/98 MP: 12/12
 12476 | D:10     | You fall through a shaft for 2 floors!
 12476 | D:12     | Found a staircase to the Orcish Mines.
 12476 | D:12     | Noticed a skeletal warrior
 12476 | D:12     | Noticed a skeletal warrior
 12476 | D:12     | Noticed a skeletal warrior
 12476 | D:12     | Noticed a skeletal warrior
 12543 | D:13     | Killed a skeletal warrior
 13223 | D:13     | Killed a skeletal warrior
 13316 | D:13     | Killed a skeletal warrior
 13435 | D:12     | Killed a skeletal warrior
 13442 | D:12     | Reached skill level 10 in Long Blades
 13495 | Orc:1    | Entered Level 1 of the Orcish Mines
 13805 | D:11     | Noticed a skeletal warrior
 13805 | D:11     | Noticed a skeletal warrior
 13805 | D:11     | Noticed a skeletal warrior
 13805 | D:11     | Noticed a skeletal warrior
 13805 | D:11     | Noticed a skeletal warrior
 13828 | D:12     | Killed a skeletal warrior
 13828 | D:12     | Reached skill level 12 in Shields
 13845 | D:12     | Killed a skeletal warrior
 13871 | D:12     | Killed a skeletal warrior
 13973 | D:12     | Killed a skeletal warrior
 13982 | D:12     | Killed a skeletal warrior
 14305 | D:11     | Noticed a hill giant
 14345 | D:12     | Reached XP level 13. HP: 72/107 MP: 13/13
 14530 | D:12     | Killed a hill giant
 14715 | Lair:1   | Entered Level 1 of the Lair of Beasts
 15430 | D:11     | Noticed Nergalle
 15451 | D:11     | Killed Nergalle
 15516 | D:11     | Noticed a hill giant
 15527 | D:11     | Killed a hill giant
 15902 | D:11     | Found Bielips's Antique Weapon Shop.
 15904 | D:11     | Noticed Fannar
 16157 | D:11     | Reached skill level 13 in Shields
 16784 | D:11     | Bought a runed falchion for 72 gold pieces
 17901 | D:12     | Found a stormy altar of Qazlal.
 18094 | D:13     | Gained mutation: Scrolls take you a little longer to read. [mutagenic meat]
 18095 | D:13     | Gained mutation: Your muscles are strong. (Str +2) [mutagenic meat]
 18096 | D:13     | Gained mutation: Your spells are a little easier to cast, but a little less powerful. [mutagenic meat]
 18100 | D:13     | Gained mutation: Your natural rate of healing is unusually fast. [mutagenic meat]
 18101 | D:13     | Gained mutation: Your body sometimes deteriorates upon taking damage. [mutagenic meat]
 18102 | D:13     | Gained mutation: Your muscles are very strong. (Str +4) [mutagenic meat]
 18135 | D:13     | Found a roughly hewn altar of Beogh.
 18238 | D:13     | Gained mutation: Potions and wands are less effective at restoring your health. [mutagenic meat]
 18239 | D:13     | Gained mutation: You are partially covered in yellow scales (AC +2). [mutagenic meat]
 18575 | D:13     | Noticed a centaur warrior
 18586 | D:13     | Noticed a centaur warrior
 18588 | D:13     | Killed a centaur warrior
 18604 | D:13     | Killed a centaur warrior
 19224 | D:13     | Gained mutation: You can breathe flames. [mutagenic meat]
 19227 | D:13     | Lost mutation: Your body sometimes deteriorates upon taking damage. [mutagenic meat]
 19229 | D:13     | Gained mutation: You are robust (+10% HP). [mutagenic meat]
 19378 | D:14     | Noticed Snorg
 19624 | D:12     | Reached XP level 14. HP: 107/127 MP: 14/14
 20523 | Orc:3    | Noticed igornogaf's ghost (powerful MiBe)
 20525 | Orc:3    | Noticed Rupert
 20619 | Orc:3    | Killed Rupert
 20741 | Orc:3    | Found a staircase to the Elven Halls.
 21139 | Orc:3    | Killed igornogaf's ghost
 21383 | Orc:4    | Entered Level 4 of the Orcish Mines
 21699 | Orc:3    | Reached skill level 14 in Shields
 22293 | Orc:4    | Found Saan's Food Boutique.
 22293 | Orc:4    | Found Keykluge's Antique Weapon Shoppe.
 22308 | Orc:4    | Found Ynkack's Weapon Boutique.
 22308 | Orc:4    | Found Fikahaos's Distillery.
 22333 | Orc:4    | Bought a potion of cure mutation for 420 gold pieces
 22333 | Orc:4    | Lost mutation: Scrolls take you a little longer to read. [potion of cure mutation]
 22333 | Orc:4    | Lost mutation: Your spells are a little easier to cast, but a little less powerful. [potion of cure mutation]
 22333 | Orc:4    | Lost mutation: Your natural rate of healing is unusually fast. [potion of cure mutation]
 22333 | Orc:4    | Lost mutation: Your muscles are very strong. (Str +4) [potion of cure mutation]
 22363 | Orc:4    | Bought a potion of curing for 36 gold pieces
 22363 | Orc:4    | Bought a potion of ambrosia for 96 gold pieces
 22363 | Orc:4    | Bought a potion of curing for 36 gold pieces
 22380 | Orc:4    | Bought a beef jerky for 18 gold pieces
 22380 | Orc:4    | Bought a beef jerky for 18 gold pieces
 22380 | Orc:4    | Bought a meat ration for 60 gold pieces
 22380 | Orc:4    | Bought a meat ration for 60 gold pieces
 22380 | Orc:4    | Bought a meat ration for 60 gold pieces
 22380 | Orc:4    | Bought a meat ration for 60 gold pieces
 22380 | Orc:4    | Bought a royal jelly for 24 gold pieces
 22380 | Orc:4    | Bought a beef jerky for 18 gold pieces
 22448 | Orc:3    | You fall through a shaft!
 22480 | Elf:1    | Entered Level 1 of the Elven Halls
 22673 | Elf:1    | Found Gaepopp's Armour Boutique.
 22899 | Elf:1    | Gained mutation: Scrolls take you a little longer to read. [mutagenic meat]
 22900 | Elf:1    | Gained mutation: Your flesh is cold resistant. [mutagenic meat]
 22901 | Elf:1    | Gained mutation: You are partially covered in molten scales (AC +1). [mutagenic meat]
 22902 | Elf:1    | Gained mutation: You are partially covered in slimy green scales (AC +2). [mutagenic meat]
 22976 | Elf:1    | Noticed a deep elf sorcerer
 22981 | Elf:1    | Killed a deep elf sorcerer
 23055 | Elf:1    | Reached XP level 15. HP: 137/137 MP: 15/15
 23273 | Elf:1    | Noticed a deep elf annihilator
 23276 | Elf:1    | Killed a deep elf annihilator
 23279 | Elf:1    | Identified the Tome of the Assorted Dances
 23630 | Elf:2    | Found Remoh's Jewellery Emporium.
 23648 | Elf:2    | Bought the ring "Ydghaleda" {rPois rC+ MR+} for 691 gold pieces
 23700 | Elf:2    | Found Dobraut's Antique Armour Emporium.
 23700 | Elf:2    | Found Xenegeme's Armour Shoppe.
 23768 | Elf:2    | Reached skill level 15 in Shields
 23815 | Elf:2    | Found a runed gate.
 23815 | Elf:2    | Found a runed gate.
 23816 | Elf:2    | Found a runed gate.
 24419 | Elf:1    | Lost mutation: Your muscles are strong. (Str +2) [mutagenic meat]
 24420 | Elf:1    | Gained mutation: Scrolls take you longer to read. [mutagenic meat]
 24421 | Elf:1    | Lost mutation: You are partially covered in molten scales (AC +1). [mutagenic meat]
 24422 | Elf:1    | Lost mutation: You are partially covered in yellow scales (AC +2). [mutagenic meat]
 24895 | Elf:2    | Found Kotowuer's Antique Armour Emporium.
 24898 | Elf:2    | Bought a shiny plate armour for 529 gold pieces
 25590 | Elf:1    | Killed from afar by a deep elf knight

Vault maps used:
D:1:      dpeg_arrival_stonehenge_12_columns
D:2:      fedhas_altar_1, nicolae_tso_swordbearing_angel, first_bread, uniq_iyjb
D:3:      corexii_shack_village, uniq_natasha, uniq_crazy_yiuf_cottage,
          uniq_sigmund
D:4:      minmay_strange_pillars, jiyva_altar_1
D:5:      temple_pool_a, nemelex_lonely_heart_becter
D:6:      trog_eyes_of_draining, fiery_altar_vehumet,
          nicolae_ossuary_entry_false_entrances
D:7:      lemuel_crystal_altar, nicolae_gozag_cash_rules_everything_around_me,
          cheibrodos_worm_habitat
D:8:      minmay_lair_entry_grove, serial_shops, nicolae_shop_statue_plus,
          kennysheep_diamond, grunt_ogre_cave
D:9:      grunt_lair_entry_elf_guard_hut, uniq_joseph, uniq_erolcha, uniq_erica
D:10:     uniq_maurice
D:11:     serial_shops, shop, uniq_nergalle, uniq_fannar
D:12:     david_orc_3, serial_ice, serial_ice_f, serial_ice_e, serial_ice_c,
          serial_ice_a, serial_ice_b, grunt_qazlal_clouds
D:13:     david_defended_altar_orc
D:14:     david_vaults_4, kennysheep_crisscross, st_stairs_13,
          minmay_rotating_lava, uniq_agnes, uniq_snorg
Temple:   triangle_lava_temple_12
Lair:1:   beast_lair_carwin_10, serial_bayou_shore_b, grunt_megastairs_2
Orc:3:    nicolae_orc_pool_cavern, uniq_rupert
Orc:4:    grunt_orc_tribal_feast
Elf:1:    minmay_elf_crystal_heptagon, serial_shops, shop_coins,
          minmay_elf_annihilation, nicolae_elf_glass_and_crystal_pillar_2
Elf:2:    serial_shops, shop, nicolae_shop_waterfront,
          nicolae_shop_behind_doors, shop, spider_trap
Ossuary:  ossuary_due_cavern

Action                   |  1- 3 |  4- 6 |  7- 9 | 10-12 | 13-15 || total
-------------------------+-------+-------+-------+-------+-------++-------
Melee: Long sword        |    99 |   154 |   513 |   829 |   225 ||  1820
       Scimitar          |       |       |       |       |   460 ||   460
       Great sword       |       |       |       |       |   564 ||   564
Invok: Divine Shield     |       |       |       |     3 |       ||     3
 Abil: Dig               |       |       |     2 |       |       ||     2
       Breathe Fire      |       |       |       |       |     1 ||     1
Evoke: Wand              |       |       |     1 |    16 |    16 ||    33
  Use: Scroll            |       |     2 |    11 |     8 |    15 ||    36
       Potion            |       |       |       |    10 |     8 ||    18
  Eat: Chunk             |       |     5 |     1 |     4 |    25 ||    35
       Royal jelly       |       |     1 |       |       |     1 ||     2
       Meat ration       |       |       |     2 |     1 |     2 ||     5
       Bread ration      |       |       |     1 |     2 |     5 ||     8
       Beef jerky        |       |       |     1 |     2 |     4 ||     7
       Pizza             |       |       |       |     1 |       ||     1
       Fruit             |       |       |       |       |     2 ||     2
